 Dungeon Crawl Stone Soup version 0.29.1-15-g9cfb28693d (webtiles) character file.

Game seed: 2127491211109133896

571 booth the Chopper (level 7, -2/59 HPs)
             Began as a Minotaur Gladiator on Mar 21, 2023.
             Was a Follower of Okawaru.
             Slain by an ogre
             ... wielding a +0 giant spiked club
              (14 damage)
             ... on level 4 of the Dungeon on Mar 22, 2023.
             The game lasted 00:23:51 (3325 turns).

booth the Chopper (Minotaur Gladiator)              Turns: 3325, Time: 00:23:52

Health: -2/59      AC: 10    Str: 21    XL:     7   Next: 12%
Magic:  4/6        EV: 15    Int:  5    God:    Okawaru [*.....]
Gold:   207        SH:  0    Dex: 11    Spells: 6/6 levels left

rFire   + . .      SeeInvis .   l - +1 mace (vorpal)
rCold   + . .      Faith    .   (no shield)
rNeg    . . .      Spirit   .   w - +2 robe {Will+}
rPois   .          Reflect  .   c - +1 hat
rElec   .          Harm     .   n - scarf {rC+ rF+}
rCorr   .          Rampage  .   u - +1 pair of gloves
Will    +....                   m - +1 pair of boots
Stlth   +++.......              (no amulet)
HPRegen 0.19/turn               (no ring)
MPRegen 0.10/turn               (no ring)

@: heroic
A: horns 2, retaliatory headbutt
a: Renounce Religion, Heroism


You were on level 4 of the Dungeon.
You worshipped Okawaru.
Okawaru was aware of your devotion.
You visited 1 branch of the dungeon, and saw 4 of its levels.

You collected 207 gold pieces.

Inventory:

Hand Weapons
 a - a +0 war axe
 i - a +2 flail of holy wrath
 l - a +1 vorpal mace (weapon)
 p - a +1 flail of protection
Missiles
 d - 3 throwing nets (quivered)
 f - 6 boomerangs
 h - 2 curare-tipped darts
 r - a javelin
 y - 4 poisoned darts
Armour
 b - a +1 leather armour
 c - a +1 hat (worn)
 m - a +1 pair of boots (worn)
 n - a scarf of resistance (worn)
 s - a +0 cloak
 u - a +1 pair of gloves (worn)
 v - the +1 robe "Epuetia" {rElec}
   (You found it on level 4 of the Dungeon)

   rElec:     It insulates you from electricity.
 w - a +2 robe of willpower (worn)
Jewellery
 e - a ring of magical power
Wands
 j - a wand of iceblast (7)
 o - a wand of flame (13)
Scrolls
 k - a scroll of fear
 q - a scroll of teleportation
 t - a scroll of identify
 x - 3 scrolls of amnesia
Potions
 g - a potion of curing
 z - a potion of brilliance {unknown}
 A - a potion of mutation {unknown}
 B - 2 potions of flight {unknown}


   Skills:
 + Level 4.2(9.2) Fighting
 + Level 5.4(11.1) Axes
 * Level 4.3(10.6) Maces & Flails
 + Level 3.5(8.5) Throwing
 + Level 2.3(7.3) Armour
 + Level 4.6(9.6) Dodging


You had 6 spell levels left.
You didn't know any spells.
Your spell library contained the following spells:

 Spells                   Type           Power      Damage    Failure   Level
 Apportation              Tloc           0%         N/A       47%         1
 Beastly Appendage        Tmut           0%         N/A       47%         1
 Necrotise                Necr           0%         1d4       47%         1
 Wereblood                Tmut           0%         N/A       63%         2
 Spider Form              Tmut/Pois      0%         N/A       85%         3
 Summon Small Mammal      Summ           Unusable   N/A       N/A         1

Dungeon Overview and Level Annotations

Branches:
Dungeon (4/15)
 Temple: D:4-7

Altars:
Okawaru
Qazlal
Trog

Shops:
D:3 =


Innate Abilities, Weirdness & Mutations

You have a pair of horns on your head.
You reflexively headbutt those who attack you in melee.


Message History

Found a stone staircase leading down.
There is a stone staircase leading down here.
Found a shimmering robe.
You see here the +1 robe "Epuetia" {rElec}.
v - the +1 robe "Epuetia" {rElec}
Found 4 poisoned darts.
You see here 4 poisoned darts.
y - 4 poisoned darts An ogre comes into view.
It is wielding a +0 giant spiked club.
The ogre shouts!
You closely miss the ogre.
The ogre hits you with a +0 giant spiked club.
You hit the ogre. Your headbutt misses the ogre.
The ogre is lightly wounded.
The ogre barely misses you.
You closely miss the ogre. You headbutt the ogre!
The ogre is heavily wounded.
You barely miss the ogre.
The ogre is heavily wounded.
The ogre completely misses you.
You hit the ogre.
The ogre is severely wounded.
The ogre misses you.
You hit the ogre but do no damage.
The ogre is severely wounded.
The ogre hits you with a +0 giant spiked club!!
You completely miss the ogre.
The ogre is severely wounded.
You closely miss the ogre.
The ogre is severely wounded.
The ogre hits you with a +0 giant spiked club!!
* * * LOW HITPOINT WARNING * * *
You gain the combat prowess of a mighty hero.
The ogre barely misses you.
You hit the ogre.
The ogre is almost dead.
You barely miss the ogre.
The ogre is almost dead.
The ogre hits you with a +0 giant spiked club!
You die...

#...# #.#.# #.... #+#
###.# #### #.#### #.#
..# #.##.# #.#
#.###.#.#.# #.#
#.#####O##...# #.## #.#
#......@....## ##.####.#
#.#####.##...###.......#
#.###.#.#.######## #.#
####.## ..# ### ###


You could see an ogre.

Vanquished Creatures
  Grinder (D:3)
  Sigmund (D:3)
  An orc priest (D:3)
  An orc wizard (D:3)
  Robin (D:2)
  6 adders
  A white imp (D:3)
  5 worms
  2 dart slugs (D:1)
  3 orcs (D:3)
  3 ball pythons
  9 bats
  6 endoplasms
  2 giant cockroaches
  8 goblins
  11 hobgoblins
  3 quokkas
  4 frilled lizards
  4 kobolds
  8 rats
80 creatures vanquished.

Vanquished Creatures (others)
  A plant (D:2)
1 creature vanquished.

Grand Total: 81 creatures vanquished

Notes
Turn   | Place    | Note
-------+----------+-------------------------------------------
     0 | D:1      | booth the Minotaur Gladiator began the quest for the Orb.
     0 | D:1      | Reached XP level 1. HP: 18/18 MP: 0/0
   191 | D:1      | Reached XP level 2. HP: 25/25 MP: 1/1
   209 | D:1      | Reached skill level 4 in Axes
   510 | D:1      | Reached XP level 3. HP: 20/30 MP: 2/2
  1110 | D:2      | Reached skill level 1 in Maces & Flails
  1194 | D:2      | Noticed Robin
  1224 | D:2      | Reached XP level 4. HP: 13/38 MP: 3/3
  1563 | D:2      | Found an iron altar of Okawaru.
  1565 | D:2      | Found a faded altar of an unknown god.
  1604 | D:2      | Became a worshipper of Warmaster Okawaru
  1701 | D:2      | Killed Robin
  2012 | D:3      | Found a stormy altar of Qazlal.
  2051 | D:3      | Found an iron altar of Okawaru.
  2148 | D:3      | Noticed Grinder
  2158 | D:3      | Reached XP level 5. HP: 30/45 MP: 4/4
  2158 | D:3      | Paralysed by Grinder for 4 turns
  2183 | D:3      | Killed Grinder
  2183 | D:3      | Reached * piety under Okawaru
  2184 | D:3      | Reached skill level 5 in Axes
  2184 | D:3      | Reached skill level 1 in Armour
  2184 | D:3      | Reached XP level 6. HP: 28/52 MP: 5/5
  2462 | D:3      | Noticed a moth of wrath
  2464 | D:3      | Noticed Sigmund
  2480 | D:3      | Killed Sigmund
  2481 | D:3      | Reached XP level 7. HP: 56/59 MP: 6/6
  2509 | D:3      | Found a bloodstained altar of Trog.
  2581 | D:3      | Found Ojaudakiwou's Jewellery Shop.
  3289 | D:4      | Identified the +1 robe "Epuetia" {rElec}
  3325 | D:4      | Slain by an ogre

Illustrated notes

Levels and vault maps discovered:
D:1:      beargit_arrival_greenhouse, layout_rooms, nicolae_wormholes
D:2:      minmay_chambers_of_ones, layout_basic, basic_altar,
          basic_ecumenical_altar, serial_bayou_crossing, uniq_robin
D:3:      layout_basic, tgw_trog, okawaru_gym_becter,
          nicolae_qazlal_scattered_showers, serial_shops,
          nicolae_shop_advertising_works [nicolae_subvault_shop_adworks],
          roderic_lattice_a, chequers_serial_rivers_room_b, uniq_sigmund,
          uniq_grinder
D:4:      cheibrodos_old_hovel, layout_loops_corners,
          gammafunk_temple_overflow_claw

Skill      XL: |  1  2  3  4  5  6 |
---------------+-------------------+-----
Axes           | 4 5 |  5.4
Fighting       | 3 4 |  4.2
Maces & Flails | 1 2 3 4 |  4.3
Throwing       | 3 |  3.5
Armour         | 1 2 |  2.3
Dodging        | 4 |  4.6

Action                   |  1- 3 |  4- 6 |  7- 9 || total
-------------------------+-------+-------+-------++-------
Melee: War axe           |    36 |       |       ||    36
       Headbutt          |    10 |    12 |     4 ||    26
       Mace              |    37 |    75 |    39 ||   151
       Punch             |       |       |     1 ||     1
Throw: Javelin           |     1 |       |       ||     1
       Dart              |       |     3 |       ||     3
       Boomerang         |       |     2 |       ||     2
Invok: Heroism           |       |       |     1 ||     1
  Use: Scroll            |     7 |     5 |     3 ||    15
       Potion            |       |     1 |     1 ||     2
Armor: Leather armour    |    39 |    49 |       ||    88
       Robe              |       |       |     5 ||     5
Dodge: Dodged            |    64 |    53 |    19 ||   136
